 Dungeon Crawl Stone Soup version 0.16-a0-3724-gf14d081 (webtiles) character file.

4336 vatarom the Destroyer (level 10, -1/77 HPs)
             Began as a Merfolk Ice Elementalist on Jan 21, 2015.
             Was a Priest of Vehumet.
             Slain by an orc warrior
             ... wielding a +0 war axe
              (21 damage)
             ... on level 10 of the Dungeon.
             The game lasted 00:33:57 (11947 turns).

vatarom the Destroyer (Merfolk Ice Elementalist)   Turns: 11947, Time: 00:33:58

Health: -1/77      AC:  9    Str: 14    XL:     10   Next: 33%
Magic:  7/23       EV: 16    Int: 20    God:    Vehumet [***...]
Gold:   390        SH:  0    Dex: 17    Spells: 7 memorised, 2 levels left

rFire  . . .     SeeInvis .     C - +1 halberd
rCold  + + .     Clarity  +     J - +2 robe of the Old World {rC++ Int+4 Dex+2}
rNeg   . . .     SustAb   .     (no shield)
rPois  .         Gourm    .     k - +2 hat
rElec  .         Spirit   .     (no cloak)
rCorr  .         Warding  .     B - +3 pair of gloves of Contentment {Str+4}
rMut   .         Stasis   .     (no boots)
MR     +....                    (no amulet)
Stlth  ++........               m - ring of protection from magic
                                g - +3 ring of evasion

@: very slightly contaminated, hasted, very quick, somewhat resistant to hostile
enchantments, unstealthy
A: change form in water, swift swim, clarity, deformed body, screaming 1
a: Renounce Religion


You were on level 10 of the Dungeon.
You worshipped Vehumet.
Vehumet was most pleased with you.
You were not hungry.

You visited 2 branches of the dungeon, and saw 11 of its levels.

You collected 663 gold pieces.
You spent 273 gold pieces at shops.

Inventory:

Hand weapons
 d - a +1 spear
 o - a +0 blowgun
 C - a +1 halberd (weapon)
Missiles
 p - 11 poisoned needles
Armour
 a - a +0 robe
 k - a +2 hat (worn)
 s - the +2 robe of Sedyzxuetz {rElec rCorr Str-3 Int+4}
   (You bought it in a shop on level 4 of the Dungeon)

   It affects your strength (-3).
   It affects your intelligence (+4).
   It insulates you from electricity.
   It protects you from acid and corrosion.
 B - the +3 pair of gloves of Contentment (worn) {Str+4}
   (You bought it in a shop on level 4 of the Dungeon)

   It affects your strength (+4).
 J - the +2 robe of the Old World (worn) {rC++ Int+4 Dex+2}
   (You found it on level 9 of the Dungeon)

   It affects your intelligence (+4).
   It affects your dexterity (+2).
   It greatly protects you from cold.
Jewellery
 g - a +3 ring of evasion (left hand)
 h - an uncursed ring of protection from fire
 m - a ring of protection from magic (right hand)
 r - an uncursed ring of protection from magic
 u - an uncursed ring of wizardry {unknown}
Magical devices
 i - a wand of magic darts (12)
 K - a wand of flame (13)
Scrolls
 j - a scroll of amnesia
 q - 2 scrolls of magic mapping
 w - 7 scrolls of identify
 G - a scroll of recharging
 H - a scroll of blinking
 I - 3 scrolls of remove curse
Potions
 b - 2 potions of restore abilities
 c - 2 potions of might
 v - a potion of flight
 D - a potion of resistance
 E - a potion of agility
Books
 e - a book of Control

   Spells                             Type                      Level
   a - Control Teleport               Charms/Translocation         4
   b - Control Undead                 Necromancy                   4
   c - Enslavement                    Hexes                        4
   d - Metabolic Englaciation         Hexes/Ice                    5
   e - Mass Confusion                 Hexes                        6
 t - a book of Geomancy

   Spells                             Type                      Level
   a - Sandblast                      Earth                        1
   b - Stoneskin                      Transmutation/Earth          2
   c - Passwall                       Transmutation/Earth          3
   d - Stone Arrow                    Conjuration/Earth            3
   e - Petrify                        Transmutation/Earth          4
   f - Lee's Rapid Deconstruction     Earth                        5
 y - a book of the Earth

   Spells                             Type                      Level
   a - Leda's Liquefaction            Hexes/Earth                  4
   b - Bolt of Magma                  Conjuration/Fire/Earth       5
   c - Statue Form                    Transmutation/Earth          6
   d - Iron Shot                      Conjuration/Earth            6
   e - Shatter                        Earth                        9
 z - a book of Changes

   Spells                             Type                      Level
   a - Beastly Appendage              Transmutation                1
   b - Sticks to Snakes               Transmutation                2
   c - Spider Form                    Transmutation/Poison         3
   d - Ice Form                       Ice/Transmutation            4
   e - Blade Hands                    Transmutation                5
Comestibles
 f - a fruit
 l - 5 meat rations
 n - a slice of pizza
 x - a beef jerky
 F - a bread ration


   Skills:
 - Level 6.3 Fighting
 - Level 2.6 Dodging
 - Level 2.1 Stealth
 + Level 5.9 Spellcasting
 - Level 9.0 Conjurations
 - Level 7.0 Ice Magic


You had 2 spell levels left.
You knew the following spells:

 Your Spells              Type           Power        Failure   Level  Hunger
a - Freeze                Ice            ####         1%          1    None
b - Throw Frost           Conj/Ice       #####.       1%          2    None
c - Ozocubu's Armour      Chrm/Ice       ###.....     10%         3    ##.....
d - Summon Ice Beast      Ice/Summ       ###.....     30%         4    ####...
e - Throw Icicle          Conj/Ice       #####...     1%          4    ####...
f - Shock                 Conj/Air       ###.         1%          1    None
g - Stone Arrow           Conj/Erth      ###...       2%          3    ##.....


Dungeon Overview and Level Annotations

Branches:
Dungeon (10/15)            Temple (1/1) D:6             Orc (0/4) D:9
   Lair: D:8-11

Altars:
Ashenzari
Cheibriados
Dithmenos
Elyvilon
Fedhas
Gozag
Kikubaaqudgha
Makhleb
Nemelex Xobeh
Okawaru
Qazlal
Ru
Sif Muna
Trog
Vehumet
Xom
Yredelemnul
Zin
The Shining One

Shops:
D:4 [*?

Annotations:
D:9 runed door
D:10 ConnectionFaild's ghost, powerful SpAr


Innate Abilities, Weirdness & Mutations

You revert to your normal form in water.
You are very nimble and swift while swimming.
You possess an exceptional clarity of mind.
Armour fits poorly on your strangely shaped body.
You occasionally shout uncontrollably at your foes.


Message History

You slash the orc warrior!
The orc warrior is almost dead.
The orc warrior hits you with a war axe!
* * * LOW HITPOINT WARNING * * *
You are too injured to fight recklessly!
You are too injured to fight recklessly!
You are too injured to fight recklessly!
Casting: Shock
Confirm with . or Enter, or press ? or * to list all spells.
Aiming: Shock
Press: ? - help, Shift-Dir - straight line, f/p - orc warrior
Aim: an orc warrior, wielding a war axe and wearing a plate armour (almost dead)
The zap hits the orc warrior.
The orc warrior is almost dead.
The zap hits the orc.
You kill the orc!
Vehumet accepts your kill.
You feel your power returning.
The orc warrior hits you with a war axe!!
You die...

≈≈.≈..(..................#
≈≈≈.....<......#.........#
...............#.........#
.............###'########
####+######### #.### #.W.#
######+#### ###.#
#.........#### #'#
+......).)o@.# ...
#.........##.##....
#.........# .##.....
#.........# ..+$.....
#.........# ###.......
#.........# ##+####
###+#######


You could see an orc warrior.

Vanquished Creatures
  A two-headed ogre (D:8)
  A wyvern (D:7)
  A deep elf mage (D:9)
  A hungry ghost (D:9)
  Edmund (D:9)
  2 orc warriors (D:6)
  A black bear (D:9)
  A sky beast (D:6)
  A necrophage (D:9)
  An ice beast (D:6)
  5 ogres
  3 centaurs
  A big kobold (D:8)
  A giant frog (D:9)
  2 scorpions
  3 killer bees (D:10)
  4 wights (D:6)
  2 hounds
  A crimson imp (D:9)
  A goliath beetle (D:6)
  7 orc wizards
  A jelly (D:8)
  10 orc priests
  3 centaur skeletons
  7 worker ants
  4 iguanas
  A worker ant zombie (D:5)
  6 gnolls
  6 adders
  3 shadow imps
  An adder zombie (D:5)
  4 giant geckos
  An ooze (D:3)
  44 orcs
  A ball python (D:2)
  9 goblins
  19 hobgoblins
  12 jackals
  22 kobolds
  15 bats
  A giant gecko skeleton (D:7)
  6 giant newts
  A goblin zombie (D:9)
  2 hobgoblin zombies (D:9)
  A kobold skeleton (D:9)
  A kobold zombie (D:9)
  2 orc skeletons (D:9)
  2 quokkas
  9 rats
  A rat zombie (D:4)
236 creatures vanquished.

Vanquished Creatures (collateral kills)
  Joseph (D:7)
  An ice beast (D:9)
  2 giant frogs
  A wight (D:6)
  2 killer bees (D:10)
  A crimson imp (D:9)
  3 orc wizards
  A gnoll (D:6)
  A white imp (D:9)
  7 orcs
  2 goblins (D:7)
  A hobgoblin zombie (D:9)
23 creatures vanquished.

Vanquished Creatures (others)
  6 ice beasts
  An orc (D:9)
7 creatures vanquished.

Grand Total: 266 creatures vanquished

Notes
Turn   | Place    | Note
--------------------------------------------------------------
     0 | D:1      | vatarom, the Merfolk Ice Elementalist, began the quest for the Orb.
     0 | D:1      | Reached XP level 1. HP: 13/13 MP: 3/3
   395 | D:1      | Reached XP level 2. HP: 13/19 MP: 4/4
   486 | D:1      | Learned a level 2 spell: Throw Frost
   514 | D:1      | Reached skill level 4 in Ice Magic
  1271 | D:1      | Reached XP level 3. HP: 24/24 MP: 6/6
  1344 | D:1      | Learned a level 3 spell: Ozocubu's Armour
  2046 | D:2      | Reached skill level 5 in Ice Magic
  2120 | D:2      | Reached skill level 1 in Conjurations
  2368 | D:3      | Gained mutation: You possess an exceptional clarity of mind. [potion of mutation]
  2368 | D:3      | Gained mutation: Armour fits poorly on your strangely shaped body. [potion of mutation]
  2368 | D:3      | Gained mutation: You occasionally shout uncontrollably at your foes. [potion of mutation]
  2379 | D:3      | Reached XP level 4. HP: 30/30 MP: 7/7
  2879 | D:3      | Reached XP level 5. HP: 35/35 MP: 6/9
  3055 | D:3      | Found a blossoming altar of Fedhas.
  3288 | D:4      | Found a bloodstained altar of Trog.
  3301 | D:4      | Found Xevosi Tihish's General Store.
  3369 | D:4      | Found a sparkling altar of Nemelex Xobeh.
  3497 | D:4      | Found Joucofey's Magic Scroll Shoppe.
  3973 | D:4      | Reached XP level 6. HP: 26/41 MP: 10/10
  4135 | D:4      | Found an ancient bone altar of Kikubaaqudgha.
  4313 | D:4      | Found Ceulud's Antique Armour Boutique.
  4321 | D:4      | Bought a fine robe for 102 gold pieces
  4331 | D:4      | Identified the +2 robe of Sedyzxuetz {rElec rCorr Str-3 Int+4} (You bought it in a shop on level 4 of the Dungeon)
  4677 | D:4      | Found a shimmering altar of Xom.
  4688 | D:4      | Found a stormy altar of Qazlal.
  4739 | D:5      | Entered Level 5 of the Dungeon
  4744 | D:5      | Found a snail-covered altar of Cheibriados.
  4974 | D:5      | Reached skill level 5 in Conjurations
  5022 | D:5      | Reached XP level 7. HP: 35/46 MP: 12/12
  5033 | D:5      | Found a radiant altar of Vehumet.
  5054 | D:5      | Became a worshipper of Vehumet
  5766 | D:4      | Bought a pair of translucent gloves for 171 gold pieces
  5771 | D:4      | Identified the +3 pair of gloves of Contentment {Str+4} (You bought it in a shop on level 4 of the Dungeon)
  5845 | D:5      | Learned a level 4 spell: Summon Ice Beast
  5892 | D:6      | Found a staircase to the Ecumenical Temple.
  5943 | Temple   | Entered the Ecumenical Temple
  6256 | D:6      | Found a sacrificial altar of Ru.
  6305 | D:6      | Acquired Vehumet's first power
  6305 | D:6      | Offered knowledge of Shock by Vehumet.
  6305 | D:6      | Reached skill level 5 in Spellcasting
  6305 | D:6      | Reached XP level 8. HP: 32/52 MP: 6/20
  6386 | D:6      | Learned a level 4 spell: Throw Icicle
  6388 | D:6      | Learned a level 1 spell: Shock
  6767 | D:6      | Reached skill level 6 in Ice Magic
  7008 | D:6      | Reached skill level 7 in Ice Magic
  7370 | D:6      | Got a polished helmet
  7381 | D:6      | Identified the cursed -1 helmet "Wejuadi" {SInv} (You found it on level 6 of the Dungeon)
  7898 | D:7      | Reached skill level 5 in Fighting
  7898 | D:7      | Reached XP level 9. HP: 65/68 MP: 12/21
  8037 | D:7      | Found a shattered altar of Ashenzari.
  8056 | D:7      | Noticed Joseph
  9024 | D:7      | Killed Joseph
  9822 | D:8      | Found a deep blue altar of Sif Muna.
 10539 | D:9      | Offered knowledge of Flame Tongue by Vehumet.
 10774 | D:9      | Reached XP level 10. HP: 70/77 MP: 16/22
 10886 | D:9      | Reached skill level 8 in Conjurations
 11072 | D:9      | Learned a level 3 spell: Stone Arrow
 11084 | D:9      | Found a staircase to the Orcish Mines.
 11161 | D:9      | Found a glowing golden altar of the Shining One.
 11161 | D:9      | Noticed Edmund
 11180 | D:9      | Killed Edmund
 11191 | D:9      | Offered knowledge of Conjure Flame by Vehumet.
 11454 | D:9      | Acquired Vehumet's second power
 11570 | D:9      | Found a runed door.
 11766 | D:9      | Found an iron altar of Okawaru.
 11797 | D:9      | Got a heavily jewelled robe
 11800 | D:9      | Identified the +2 robe of the Old World {rC++ Int+4 Dex+2} (You found it on level 9 of the Dungeon)
 11823 | D:9      | Reached skill level 9 in Conjurations
 11865 | D:10     | Entered Level 10 of the Dungeon
 11924 | D:10     | Noticed ConnectionFaild's ghost (powerful SpAr)
 11947 | D:10     | Slain by an orc warrior

Action                   |  1- 3 |  4- 6 |  7- 9 | 10-12 || total
-------------------------+-------+-------+-------+-------++-------
Melee: Club              |    70 |       |       |       ||    70
       Spear             |    31 |   135 |    78 |       ||   244
       Halberd           |       |       |   152 |   153 ||   305
 Cast: Freeze            |    32 |    37 |    76 |    13 ||   158
       Throw Frost       |     8 |    17 |    22 |       ||    47
       Ozocubu's Armour  |     2 |     3 |    11 |     2 ||    18
       Summon Ice Beast  |       |       |    12 |     8 ||    20
       Throw Icicle      |       |       |    32 |     3 ||    35
       Shock             |       |       |    22 |    18 ||    40
       Stone Arrow       |       |       |       |    13 ||    13
Evoke: Wand              |       |       |       |     2 ||     2
  Use: Potion            |     4 |     4 |     5 |     2 ||    15
       Scroll            |     6 |     6 |     7 |     2 ||    21
 Stab: Sleeping          |     1 |     7 |     4 |       ||    12
  Eat: Bread ration      |     2 |       |     5 |     1 ||     8
       Chunk             |     1 |     1 |       |     2 ||     4
       Meat ration       |       |     1 |     1 |       ||     2
       Royal jelly       |       |       |     1 |       ||     1
